 Dungeon Crawl Stone Soup version bcrawl-1.18.1 (webtiles) character file.

Game seed: 10954599127924780065

47 Revguard the Sneak (level 3, 0/26 HPs)
             Began as a Demonspawn Archaeologist on Nov 9, 2019.
             Slain by a scorpion (3 damage)
             ... on level 2 of the Dungeon.
             The game lasted 00:02:27 (1261 turns).

Revguard the Sneak (Demonspawn Archaeologist)       Turns: 1261, Time: 00:02:27

Health: 0/26       AC:  9    Str:  8 (11) XL:     3   Next: 48%
Magic:  1/1        EV:  8    Int: 17 (20) God:
Gold:   82         SH:  0    Dex:  9 (12) Spells: 2/2 levels left

rFire    . . .     SeeInvis .   i - +1 hand axe (antimagic)
rCold    . . .     Gourm    .   (no shield)
rNeg     . . .     Faith    .   j - +0 scale mail
rPois    +         Spirit   .   c - +1 hat
rElec    .         Reflect  .   (no cloak)
rCorr    .         Harm     .   (no gloves)
MR       .....                  d - +1 pair of boots
Stlth    +.........             (no amulet)
HPRegen  0.08/turn              q - ring of poison resistance
MPRegen  0.07/turn              (no ring)

@: brilliant, studying Long Blades
A: hooves 1
a: no special abilities


You were on level 2 of the Dungeon.
You were not hungry.

You visited 1 branch of the dungeon, and saw 2 of its levels.

You collected 82 gold pieces.

Inventory:

Hand Weapons
 a - a +0 whip
 i - a +1 antimagic hand axe (weapon)
Missiles
 o - 159 exploding tomahawks (quivered)
Armour
 b - a +1 robe
 c - a +1 hat (worn)
 d - a +1 pair of boots (worn)
 j - a +0 scale mail (worn)
Jewellery
 q - a ring of poison resistance (left hand)
Scrolls
 k - 2 scrolls of teleportation {unknown}
 l - a scroll of magic mapping {unknown}
 m - 2 scrolls of remove curse {unknown}
Potions
 n - a potion of degeneration
Books
 e - a manual of Long Blades
Miscellaneous
 f - an ancient crate
Comestibles
 g - 5 rations {!d}
 h - 11 chunks of flesh


   Skills:
 + Level 1.1 Fighting
 * Level 0.6 Long Blades
 - Level 0.8(1.0) Axes
 - Level 0.8(1.1) Maces & Flails
 * Level 1.2 Armour
 + Level 3.0 Dodging
 - Level 3.0 Stealth
 * Level 1.4 Evocations


You had 2 spell levels left.
You didn't know any spells.
Your spell library was empty.

Dungeon Overview and Level Annotations

Branches:
Dungeon (2/12)

Altars:


Innate Abilities, Weirdness & Mutations

You have large cloven feet.


Message History

The scorpion is severely wounded.
The scorpion stings you!
* * * LOW HITPOINT WARNING * * *
It was a potion of degeneration.
There was something very wrong with that liquid.
You feel weakened.
You feel dopey.
You feel clumsy. The scorpion closely misses you.
It was a potion of brilliance.
You feel clever all of a sudden. The scorpion barely misses you.
Evoke which item? (* to show all) (? for menu, Esc to quit)
Okay, then.
You closely miss the scorpion.
The scorpion is severely wounded.
The scorpion stings you.
* * * LOW HITPOINT WARNING * * *
You closely miss the scorpion.
The scorpion is severely wounded.
The scorpion stings you.
You die...

..†....# #.#
.......# #.#
.......# #.#
#......# #.#
##.....# #.#
#.....# #.#
#......# #.#
+....≈.≈ #.#
....≈.≈ #@#
#.≈. #s#
#l#####
#.)...#
#....#.#....
#........ ..
#..........
#...#....#..
##..........


You could see a scorpion and a leopard gecko.

Vanquished Creatures
  An ooze (D:1)
  A worm (D:2)
  A dart slug (D:1)
  2 bats
  2 giant cockroaches (D:1)
  6 goblins
  9 hobgoblins
  3 jackals (D:2)
  A ball python (D:2)
  2 frilled lizards
  2 kobolds (D:1)
  4 rats
34 creatures vanquished.

Notes
Turn   | Place    | Note
-------+----------+-------------------------------------------
     0 | D:1      | Revguard the Demonspawn Archaeologist began the quest for
                  | the Orb.
     0 | D:1      | Reached XP level 1. HP: 15/15 MP: 1/1
   141 | D:1      | Reached skill level 1 in Evocations
   236 | D:1      | Gained mutation: You have large cloven feet. [demonic
                  | ancestry]
   236 | D:1      | Reached XP level 2. HP: 21/21 MP: 0/2
   802 | D:2      | Reached skill level 1 in Armour
   856 | D:2      | Reached XP level 3. HP: 15/26 MP: 1/3
  1233 | D:2      | Noticed a scorpion
  1261 | D:2      | Slain by a scorpion

Skill      XL: |  1  2 |
---------------+-------+-----
Evocations     | 1 |  1.4
Dodging        | 3 |  3.0
Armour         | 1 |  1.2
Fighting       | |  1.1
Long Blades    | |  0.6
Axes           | |  0.8
Maces & Flails | |  0.8
Stealth        | |  3.0

Action                   || total
-------------------------++-------
Melee: Whip              ||    10
       Hand axe          ||   117
  Use: Potion            ||     2
  Eat: Chunk             ||     1
Armor: Robe              ||     6
       Scale mail        ||    56
Dodge: Dodged            ||    74
